 Dungeon Sprint DCSS version 0.27-a0-1105-g946c659c87 (webtiles) character file.

Game seed: 2572473233098598476

232 mhtbhm the Arsonist (level 5, -12/28 HPs)
             Began as a Deep Elf Fire Elementalist on Apr 30, 2021.
             Was a Priest of Vehumet.
             Killed from afar by an ironbound thunderhulk (40 damage)
             ... with a bolt of lightning
             ... in the Dungeon (Sprint V: "Ziggurat Sprint").
             The game lasted 00:01:15 (410 turns).

mhtbhm the Arsonist (Deep Elf Fire Elementalist)     Turns: 410, Time: 00:01:15

Health: -12/28     AC:  5    Str:  5    XL:     5   Next: 73%
Magic:  6/16       EV: 14    Int: 33    God:    Vehumet [***...]
Gold:   0          SH:  0    Dex: 15    Spells: 2/18 levels left

rFire    + . .     SeeInvis .   C - +8 lance "Wyrmbane" {slay drac, rPois rF+ rC+ AC+3}
rCold    + . .     Faith    .   (no shield)
rNeg     + . .     Spirit   .   a - +0 robe
rPois    +         Reflect  .   (no helmet)
rElec    .         Harm     .   (no cloak)
rCorr    .         Rampage  .   (no gloves)
Will     +++..     Clarity  +   (no boots) Stlth +++.......NoTele +
                                s - amulet of the Four Winds {rN+ Will+++ Clar}
HPRegen  0.09/turn              u - +6 ring of intelligence
MPRegen  0.15/turn              v - +6 ring of intelligence

@: no status effects
A: no striking features
a: Renounce Religion


You were in the Dungeon.
You worshipped Vehumet.
Vehumet was most pleased with you.
You visited 1 branch

Inventory:

Hand Weapons
 C - the +8 lance "Wyrmbane" (weapon) {slay drac, rPois rF+ rC+ AC+3}
   (You found it in the Dungeon)

   It affects your AC (+3).
   It protects you from fire.
   It protects you from cold.
   It protects you from poison.
Armour
 a - a +0 robe (worn)
Jewellery
 s - the amulet of the Four Winds (around neck) {rN+ Will+++ Clar}
   (You found it in the Dungeon)

   [amulet of nothing]

   It protects you from negative energy.
   It protects you against confusion.
   It greatly increases your willpower.
 u - a +6 ring of intelligence (left hand)
 v - a +6 ring of intelligence (right hand)
Wands
 y - a wand of mindburst (7)
 z - a wand of iceblast (3)
 A - a wand of acid (6)
Scrolls
 h - 4 scrolls of blinking
 m - 4 scrolls of amnesia
 n - 7 scrolls of fog
 o - a scroll of holy word
 p - 5 scrolls of identify
 q - 2 scrolls of fear
Potions
 b - 2 potions of brilliance
 c - 10 potions of curing
 d - 10 potions of heal wounds
 e - 6 potions of haste
 f - 7 potions of magic
 g - 3 potions of berserk rage
 i - 2 potions of invisibility
 j - 4 potions of resistance
 k - a potion of experience
 l - 5 potions of might
Miscellaneous
 B - a lightning rod (4/4)


   Skills:
 + Level 5.7 Dodging
 + Level 5.2 Stealth
 + Level 7.3 Spellcasting
 + Level 1.7 Conjurations
 + Level 10.1 Fire Magic
 + Level 2.2 Evocations


You had 2 spell levels left.
You knew the following spells:

 Your Spells              Type           Power      Damage    Failure   Level
a - Foxfire               Conj/Fire      100%       2x1d9     1%          1
b - Conjure Flame         Conj/Fire      50%        6-21      1%          3
c - Inner Flame           Hex/Fire       45%        N/A       1%          3
d - Sticky Flame          Conj/Fire      50%        2d7       1%          4
e - Fireball              Conj/Fire      25%        3d11      2%          5

Your spell library contained the following spells:

 Spells                   Type           Power      Damage    Failure   Level
 Freeze                   Ice            48%        1d7       1%          1
 Corona                   Hex            13%        N/A       3%          1
 Ensorcelled Hibernation  Hex/Ice        24%        N/A       5%          2
 Dazzling Flash           Conj/Hex       34%        N/A       2%          3
 Confusing Touch          Hex            12%        N/A       11%         3
 Tukima's Dance           Hex            12%        N/A       11%         3


Dungeon Overview and Level Annotations

Branches:
Dungeon (1/1)

Altars:
Ashenzari
Cheibriados
Dithmenos
Elyvilon
Fedhas
Gozag
Hepliaklqana
Kikubaaqudgha
Makhleb
Nemelex Xobeh
Okawaru
Qazlal
Ru
Sif Muna
Trog
Uskayaw
Vehumet
Wu Jian
Xom
Yredelemnul
Zin
The Shining One
Beogh
Jiyva
Lugonu

Annotations:
D 1 transporter


Message History

Unknown command.
Casting: Foxfire (safe; 1% risk of failure)
Confirm with . or Enter, or press ? or * to list all spells.
The spell is quite dangerous to cast (2% risk of failure)!
Continue anyway?
Aiming: Fireball (quite dangerous; 2% risk of failure)
Press: ? - help, Shift-Dir - straight line, f - slime creature
Aim: a slime creature (asleep)
The fireball explodes!
The fireball engulfs the slime creature!
The slime creature is moderately wounded.
The slime creature quivers.
The fireball engulfs the ironbound convoker!!
The ironbound convoker is heavily wounded.
The ironbound convoker shouts!
The fireball engulfs the ironbound thunderhulk!
The ironbound thunderhulk is lightly wounded.
The ironbound thunderhulk shouts!
The fireball engulfs the yaktaur!
The yaktaur is moderately wounded.
Electricity crackles from the ironbound thunderhulk's apparatus.
The bolt of lightning misses you.
Unknown command.
Unknown command.
Casting: Fireball (quite dangerous; 2% risk of failure)
Confirm with . or Enter, or press ? or * to list all spells.
The spell is quite dangerous to cast (2% risk of failure)!
Continue anyway?
Aiming: Fireball (quite dangerous; 2% risk of failure)
Press: ? - help, Shift-Dir - straight line, f/p - slime creature
Aim: a slime creature (moderately wounded)
The fireball explodes!
The fireball engulfs the slime creature!!
The slime creature is heavily wounded.
The fireball engulfs the ironbound convoker!
The ironbound convoker is severely wounded.
The fireball engulfs the yaktaur!!
The yaktaur is severely wounded.
Electricity crackles from the ironbound thunderhulk's apparatus.
The bolt of lightning hits you!!!
Ouch! That really hurt!
You die...

▓..©..▓..©..▓▓▓▓▓▓▓
▓▓▓▓▓▓▓▓▓▓▓▓▓▓
▓..8©8...▓
▓..}O:...▓
▓..p:....▓
▓..c.....▓
...J....▓
▓.▓....▓.▓
▓...@....▓
▓▓▓▓▓▓▓▓▓▓


You could see an ironbound thunderhulk, a slime creature, an ironbound convoker
and a yaktaur.

Vanquished Creatures
  2 necrophages (D)
  An orc priest (D)
  An orc wizard (D)
  An adder skeleton (D)
  An orc (D)
  A bat zombie (D)
  A jackal skeleton (D)
  A quokka zombie (D)
9 creatures vanquished.

Vanquished Creatures (others)
  A foxfire (D)
1 creature vanquished.

Grand Total: 10 creatures vanquished

Notes
Turn   | Place    | Note
-------+----------+-------------------------------------------
     0 | D        | mhtbhm the Deep Elf Fire Elementalist began the quest for
                  | the Orb.
     0 | D        | Reached XP level 1. HP: 10/10 MP: 6/6
     0 | D        | Found a shimmering blue altar of Sif Muna.
     0 | D        | Found a bloodstained altar of Trog.
     0 | D        | Found a sacrificial altar of Ru.
     0 | D        | Found a stormy altar of Qazlal.
     0 | D        | Found an iron altar of Okawaru.
     1 | D        | Found a sparkling altar of Nemelex Xobeh.
     1 | D        | Found a blossoming altar of Fedhas.
     2 | D        | Found the +6 Majin-Bo {vamp, MP+6 Int+6}
     2 | D        | Found the +9 heavy crossbow "Sniper" {vorpal, Acc+∞ SInv}
     2 | D        | Found the +10 dark maul {vorpal}
     2 | D        | Found the +15 Maxwell's patent armour {-Cast -Tele rElec
                  | Will+ rCorr}
     2 | D        | Found the +18 shield of the Gong {rElec rN+ Will+ EV-5}
     2 | D        | Found the +14 obsidian axe {vorpal, Drain Fly SInv}
     2 | D        | Found the +7 great mace "Firestarter" {inner flame, rF++}
     2 | D        | Found the +6 shillelagh "Devastator" {shatter}
     2 | D        | Found the +11 plutonium sword {Contam Stlth-}
     2 | D        | Found the +8 lance "Wyrmbane" {slay drac, rPois rF+ rC+
                  | AC+3}
     2 | D        | Found the +9 sword of Zonguldrok {reap}
     2 | D        | Found the +13 scythe of Curses {drain, Drain}
     2 | D        | Found the +5 sword of Power {vorpal}
     2 | D        | Found the +7 mace of Variability {chain chaos}
     2 | D        | Found the +7 Singing Sword {vorpal, sonic wave}
     2 | D        | Found the +8 storm bow {elec, penet}
     3 | D        | Found a transporter.
     3 | D        | Found an ancient bone altar of Kikubaaqudgha.
     3 | D        | Found a viscous altar of Jiyva.
     3 | D        | Found a corrupted altar of Lugonu.
     3 | D        | Found a hazy altar of Hepliaklqana.
     3 | D        | Found a burning altar of Makhleb.
     3 | D        | Found an opulent altar of Gozag.
    22 | D        | Banished a spatial maelstrom
    42 | D        | Became a worshipper of Vehumet
    55 | D        | Entered arena 2.
    55 | D        | Noticed a necrophage
    55 | D        | Found a transporter.
    58 | D        | Killed a necrophage
    59 | D        | Reached skill level 5 in Spellcasting
    59 | D        | Reached skill level 7 in Fire Magic
    59 | D        | Reached skill level 1 in Evocations
    59 | D        | Reached XP level 2. HP: 15/15 MP: 6/10
    59 | D        | Reached XP level 3. HP: 19/19 MP: 7/12
    59 | D        | Reached XP level 4. HP: 24/24 MP: 7/13
    63 | D        | Learned a level 3 spell: Conjure Flame
    67 | D        | Learned a level 3 spell: Inner Flame
    72 | D        | Learned a level 4 spell: Sticky Flame
   108 | D        | Entered arena 3.
   108 | D        | Found a transporter.
   109 | D        | Found the amulet of the Four Winds {rN+ Will+++ Clar}
   110 | D        | Reached * piety under Vehumet
   110 | D        | Offered knowledge of Magic Dart by Vehumet.
   111 | D        | Reached skill level 5 in Dodging
   111 | D        | Reached skill level 8 in Fire Magic
   111 | D        | Reached XP level 5. HP: 19/28 MP: 12/15
   286 | D        | Entered arena 4.
   286 | D        | Noticed a necrophage
   286 | D        | Found a transporter.
   287 | D        | Reached ** piety under Vehumet
   287 | D        | Offered knowledge of Freeze by Vehumet.
   288 | D        | Killed a necrophage
   288 | D        | Reached *** piety under Vehumet
   289 | D        | Reached skill level 5 in Stealth
   289 | D        | Reached skill level 10 in Fire Magic
   301 | D        | Learned a level 5 spell: Fireball
   408 | D        | Entered arena 5.
   408 | D        | Noticed an ironbound convoker
   408 | D        | Noticed an ironbound thunderhulk
   408 | D        | Noticed a yaktaur
   408 | D        | Noticed a slime creature
   408 | D        | Found a transporter.
   410 | D        | Killed from afar by an ironbound thunderhulk

Illustrated notes

Levels and vault maps discovered:
D:        sprint_v [room_start, room_1, room_2, room_3, room_4, room_5, room_6,
          room_7, room_8, room_9, room_10, room_11, room_12, room_13, room_14,
          room_15, room_16, room_17, room_18, room_19, room_20, room_21,
          room_22, room_23, room_24, room_25, room_26, room_27]

Skill      XL: |  1  2  3  4  5 |
---------------+----------------+-----
Dodging        | 4 5 |  5.7
Stealth        | 4 5 |  5.2
Spellcasting   | 5 6 7 |  7.3
Fire Magic     | 7 8 10 | 10.1
Evocations     | 1 2 |  2.2
Conjurations   | |  1.7

Action                   |  1- 3 |  4- 6 || total
-------------------------+-------+-------++-------
 Cast: Foxfire           |       |     1 ||     1
       Fireball          |       |     2 ||     2
Evoke: Wand              |     2 |     3 ||     5
       Lightning rod     |     1 |       ||     1
Dodge: Dodged            |     1 |     1 ||     2

Table legend: (Time is in decaauts)
 A = Elapsed time spent in this place.
 B = Non-inter-level travel time spent in this place.
 C = Inter-level travel time spent in this place.
 D = Time resting spent in this place.
 E = Time spent auto-exploring this place.
 F = Levels seen in this place.
 G = Mean time per level.
                   A        B        C        D        E       F      G
               +--------+--------+--------+--------+--------+-----+--------+
         Total |    408 |    408 |      0 |    280 |      0 |   1 |  408.0 |
       Dungeon |    408 |    408 |      0 |    280 |      0 |   1 |  408.0 |
               +--------+--------+--------+--------+--------+-----+--------+

Top non-repeatable levels by time:
       D: 408 daAuts
